 Dungeon Crawl Stone Soup version 0.27.0-1-g7a089689b8 (webtiles) character file.

Game seed: 6547660716519789339

51 HungrySpirit the Skirmisher (level 3, 0/31 HPs)
             Began as a Mummy Abyssal Knight on Aug 1, 2021.
             Was a Follower of Lugonu.
             Slain by a hound (5 damage)
             ... on level 6 of the Dungeon.
             The game lasted 00:02:27 (2400 turns).

HungrySpirit the Skirmisher (Mummy Abyssal Knight)  Turns: 2400, Time: 00:02:28

Health: 0/31       AC:  8    Str: 15    XL:     3   Next: 58%
Magic:  4/4        EV:  6    Int: 11    God:    Lugonu [*.....]
Gold:   106        SH:  0    Dex: 12    Spells: 2/2 levels left

rFire    x . .     SeeInvis .   a - +1 short sword
rCold    + . .     Faith    .   (no shield)
rNeg     + + +     Spirit   .   e - +0 chain mail
rPois    ∞         Reflect  .   (no helmet)
rElec    .         Harm     .   (no cloak)
rCorr    .         Rampage  .   (no gloves)
Will     +....                  (no boots)
Stlth    ..........             (no amulet)
HPRegen  0.10/turn              b - ring of willpower
MPRegen  0.09/turn              (no ring)

@: no status effects
A: cold resistance 1, negative energy resistance 3, torment resistance 2, heat
vulnerability 1, no potions
a: Renounce Religion, Depart the Abyss


You were on level 6 of the Dungeon.
You worshipped Lugonu.
Lugonu was aware of your devotion.
You visited 1 branch of the dungeon, and saw 5 of its levels.
You visited the Abyss 1 time.

You collected 106 gold pieces.

Inventory:

Hand Weapons
 a - a +1 short sword (weapon)
 k - a +0 rapier
Missiles
 c - 19 poisoned darts (quivered)
 d - a throwing net
Armour
 e - a +0 chain mail (worn)
Jewellery
 b - a ring of willpower (left hand)
 i - a ring of protection from fire
Wands
 j - a wand of acid (6)
Scrolls
 f - a scroll of identify {unknown}
 g - a scroll of vulnerability
 h - a scroll of fog {unknown}


   Skills:
 + Level 4.6 Fighting
 - Level 1.5 Short Blades
 - Level 1.5 Armour
 - Level 0.7 Dodging
 - Level 1.5 Invocations


You had 2 spell levels left.
You didn't know any spells.
Your spell library was empty.

Dungeon Overview and Level Annotations

Branches:
Dungeon (6/15)
 Temple: D:4-7

Altars:


Innate Abilities, Weirdness & Mutations

You are immune to poison.
Your flesh is cold resistant. (rC+)
You are immune to negative energy. (rN+++)
You are immune to unholy pain and torment.
You are vulnerable to heat. (rF-)
You do not drink.


Message History

A hound comes into view.
Throw: 23 darts (poison)
Press: ? - help, Q - select action, (/) - cycle Shift-Dir - straight line, f - orc warrior
Aim: an orc warrior, wielding a +0 dire flail and wearing a +0 plate armour (57% to hit)
You throw a poisoned dart.
The poisoned dart closely misses the orc warrior.
Unknown command.
Throw: 22 darts (poison)
Press: ? - help, Q - select action, (/) - cycle Shift-Dir - straight line, f/p - orc warrior
Aim: an orc warrior, wielding a +0 dire flail and wearing a +0 plate armour (59% to hit)
You throw a poisoned dart. The poisoned dart hits the orc warrior.
The orc warrior is poisoned.
Unknown command.
Throw: 21 darts (poison)
Press: ? - help, Q - select action, (/) - cycle Shift-Dir - straight line, f/p - orc warrior
Aim: an orc warrior, wielding a +0 dire flail and wearing a +0 plate armour (lightly wounded, poisoned, 59% to hit)
You throw a poisoned dart. The poisoned dart hits the orc warrior.
The orc warrior is lightly wounded.
Unknown command.
Throw: 20 darts (poison)
Press: ? - help, Q - select action, (/) - cycle Shift-Dir - straight line, f/p - orc warrior
Aim: an orc warrior, wielding a +0 dire flail and wearing a +0 plate armour (lightly wounded, poisoned, 56% to hit)
You throw a poisoned dart.
The poisoned dart closely misses the orc warrior.
The poisoned dart hits the orc.
The orc warrior hits you with a +0 dire flail!
The hound bites you but does no damage. The hound bites you.
There is a stone staircase leading down here.
The hound barely misses you. The hound closely misses you.
You climb downwards.
The centaur shouts!
The centaur wields a +0 shortbow.
The centaur shoots an arrow.
The arrow hits you!
* * * LOW HITPOINT WARNING * * *
The centaur shoots an arrow.
The arrow hits you.
* * * LOW HITPOINT WARNING * * *
There is a stone staircase leading up here.
The hound bites you.
You die...

#.#.#...# #.#.#...#
#.#.#...## #
#.#......#
#.#.#......#..
.####.#.#..........
..c.....#.#..#######
#..<..........
####@h#.#######
..................
#.######+##.#######
.. #........#
####.##........#
......#........#
!....#........#
.............#
.#.........#


You could see a hound.

Vanquished Creatures
  A howler monkey zombie (D:3)
  A worm (D:2)
  An orc (D:2)
  4 ball pythons
  5 bats
  3 endoplasms
  2 giant cockroaches (D:1)
  3 goblins (D:1)
  A hobgoblin (D:2)
  5 jackals (D:1)
  2 quokkas (D:1)
  2 kobolds
  3 rats (D:1)
33 creatures vanquished.

Notes
Turn   | Place    | Note
-------+----------+-------------------------------------------
     0 | Abyss:1  | HungrySpirit the Mummy Abyssal Knight began the quest for
                  | the Orb.
     0 | Abyss:1  | Reached XP level 1. HP: 18/18 MP: 2/2
    83 | Abyss:1  | Noticed a raiju
    85 | D:1      | Escaped the Abyss
   525 | D:1      | Reached * piety under Lugonu
   527 | D:1      | Reached XP level 2. HP: 10/24 MP: 3/3
  1241 | D:1      | Reached skill level 4 in Fighting
  1351 | D:1      | Found a faded altar of an unknown god.
  1409 | D:1      | Reached XP level 3. HP: 24/30 MP: 4/4
  2347 | D:3      | You fall into a shaft and drop 3 floors!
  2373 | D:6      | Noticed a centaur
  2384 | D:5      | Entered Level 5 of the Dungeon
  2388 | D:5      | Noticed an orc warrior
  2400 | D:6      | Slain by a hound

Illustrated notes

Levels and vault maps discovered:
D:1:      elethiomel_arrival_quiet, layout_rooms,
          hellmonk_ecumenical_altar_lost_god, minmay_misc_feat_tiny
D:2:      layout_loops_cross
D:3:      layout_loops_ring, gammafunk_temple_overflow_claw, led_xom_imps,
          minmay_hedge_maze, minmay_puff
D:5:      layout_loops_ring, temple_statues
D:6:      layout_basic

Skill      XL: |  1  2 |
---------------+-------+-----
Fighting       | 4 |  4.6
Short Blades   | |  1.5
Armour         | |  1.5
Dodging        | |  0.7
Invocations    | |  1.5

Action                   || total
-------------------------++-------
Melee: Short sword       ||   142
Throw: Dart              ||     4
Invok: Depart the Abyss  ||     1
  Use: Scroll            ||     1
Armor: Leather armour    ||    31
       Chain mail        ||    48
Dodge: Dodged            ||    69
